 Dungeon Crawl Stone Soup version 0.22.1-2-g9c5b331 (webtiles) character file.

35426 danilin1 the Fighter (level 13, -1/122 HPs)
             Began as a Minotaur Berserker on Nov 12, 2018.
             Was the Champion of Trog.
             Slain by a shock serpent (6 damage)
             ... on level 1 of the Snake Pit.
             The game lasted 01:01:16 (18513 turns).

danilin1 the Fighter (Minotaur Berserker)          Turns: 18513, Time: 01:01:16

Health: -1/122     AC: 24    Str: 26    XL:     13   Next: 47%
Magic:  4/4        EV: 12    Int:  4    God:    Trog [******]
Gold:   797        SH: 13    Dex: 15    Spells: 12/12 levels left

rFire    . . .     SeeInvis .   y - +4 broad axe (antimagic)
rCold    . . .     Gourm    +   O - +0 shield
rNeg     . . .     Faith    .   C - +5 chain mail of Pathos {Dex+4 Stlth+}
rPois    +         Spirit   .   (helmet restricted)
rElec    .         Reflect  .   G - +0 cloak
rCorr    .         Harm     .   V - +0 pair of gloves
MR       ++...                  o - +0 pair of boots
Stlth    ..........             F - amulet of the gourmand
HPRegen  1.30/turn              l - +2 ring of protection
MPRegen  0.09/turn              P - ring of poison resistance

@: lethally poisoned (-1 -> -1), regenerating, constricted
A: retaliatory headbutt, horns 2
a: Berserk, Trog's Hand, Brothers in Arms, Renounce Religion


You were on level 1 of the Snake Pit.
You worshipped Trog.
Trog was exalted by your worship.
You were full.

You visited 4 branches of the dungeon, and saw 17 of its levels.
You also visited: Sewer.

You collected 842 gold pieces.
You spent 45 gold pieces at shops.

Inventory:

Hand Weapons
 q - a +0 war axe
 y - a +4 antimagic broad axe (weapon)
 I - a cursed +0 battleaxe
 Q - a +0 morningstar
Armour
 o - a +0 pair of boots (worn)
 C - the +5 chain mail of Pathos (worn) {Dex+4 Stlth+}
   (You found it on level 4 of the Dungeon)

   It affects your dexterity (+4).
   It makes you more stealthy.
 G - a +0 cloak (worn)
 J - a +1 scale mail of poison resistance
 O - a +0 shield (worn)
 V - a +0 pair of gloves (worn)
Jewellery
 a - an uncursed ring of protection from fire
 l - a +2 ring of protection (left hand)
 s - an uncursed amulet of guardian spirit
 F - an amulet of the gourmand (around neck)
 L - an uncursed ring of ice
 P - a ring of poison resistance (right hand)
 Y - an uncursed ring of protection from magic
Wands
 b - a wand of flame (70)
 r - a wand of disintegration (8)
 v - a wand of polymorph (27)
 H - a wand of paralysis (34)
 N - a wand of iceblast (19)
 R - a wand of acid (9)
 S - a wand of clouds (4)
Scrolls
 d - 6 scrolls of fog
 e - 2 scrolls of immolation {unknown}
 f - 2 scrolls of noise
 i - 6 scrolls of remove curse
 j - 2 scrolls of fear
 k - 5 scrolls of teleportation
 m - 4 scrolls of amnesia {unknown}
 u - 4 scrolls of blinking
 w - 5 scrolls of magic mapping
 x - a scroll of acquirement {unknown}
 E - 5 scrolls of enchant armour {unknown}
 K - 4 scrolls of identify
 M - a scroll of vulnerability {unknown}
 U - a scroll of brand weapon {unknown}
Potions
 g - a potion of brilliance {unknown}
 h - 11 potions of curing
 n - 11 potions of heal wounds
 p - 2 potions of flight {unknown}
 t - 5 potions of haste
 z - 3 potions of magic {unknown}
 A - 2 potions of berserk rage {unknown}
 B - 4 potions of might {unknown}
 D - a potion of ambrosia {unknown}
 T - a potion of resistance {unknown}
 W - a potion of agility {unknown}
Comestibles
 c - 33 rations


   Skills:
 + Level 13.2 Fighting
 + Level 13.2 Axes
 + Level 13.0 Armour
 + Level 12.0 Dodging
 * Level 10.1 Shields


You had 12 spell levels left.
You didn't know any spells.
Your spell library was empty.

Dungeon Overview and Level Annotations

Branches:
Dungeon (11/15)            Temple (1/1) D:5            Lair (3/6) D:11
  Swamp (0/4) Lair:3        Snake (2/4) Lair:3          Orc (0/2) D:9

Altars:
Ashenzari
Cheibriados
Dithmenos
Elyvilon
Fedhas
Gozag
Hepliaklqana
Kikubaaqudgha
Makhleb
Nemelex Xobeh
Okawaru
Qazlal
Ru
Sif Muna
Trog
Uskayaw
Vehumet
Wu Jian
Xom
Yredelemnul
Zin
The Shining One

Shops:
D:4 *   D:6 (   D:8 ?   Snake:1 :


Innate Abilities, Weirdness & Mutations

You reflexively headbutt those who attack you in melee.
You have a pair of horns on your head.


Message History

The anaconda misses you. You furiously retaliate!
You headbutt the anaconda! You block the anaconda's attack.
Your skin crawls.
You feel resistant to hostile enchantments.
You feel somewhat less full. The black mamba misses you.
The anaconda closely misses you. You furiously retaliate!
You headbutt the anaconda.
The anaconda bites you but does no damage.
You block the shock serpent's attack. The black mamba closely misses you.
You furiously retaliate!
You headbutt the black mamba!
Your troll goes berserk!
You feel quite a bit less full.
You feel sick. The anaconda grabs you.
The anaconda bites you but does no damage.
The anaconda constricts you. You block the shock serpent's attack.
The black mamba bites you.
* * * LOW HITPOINT WARNING * * *
The anaconda bites you but does no damage.
* * * LOW HITPOINT WARNING * * *
The anaconda constricts you. The shock serpent bites you.
You die...

###.## #.#.........###.......
..#..# ###...........##.......
.....## #.#...........##.......
......## ##.#...........#........
.......###..#................####
..(........#.............##.## ##
...........#.#...T.......##.####.
............###S..........##.##..
....##........##@S....[...##.#...
...###........###S......####.....
..###............#####.####.....#
### #...........## ##...####..#
#.......##### #.### ##.#
##....### ### ### ######


You could see an anaconda, a shock serpent, a black mamba and a friendly troll
(berserk).

Vanquished Creatures
  Fannar (D:10)
  3 naga warriors (Snake:1)
  Erolcha (D:10)
  3 anacondas (Snake:1)
  3 hydras
  Erica (D:10)
  2 two-headed ogres
  Nergalle (D:10)
  A shock serpent (Snake:1)
  An unseen horror (D:11)
  3 naga ritualists (Snake:1)
  A deep elf mage (D:11)
  Pikel (D:6)
  2 mana vipers (Snake:1)
  An ugly thing (D:10)
  An oklob plant (Lair:1)
  2 cyclopes
  Psyche (D:8)
  A guardian serpent (Snake:1)
  2 naga magi (Snake:1)
  9 black mambas
  A rime drake (Lair:2)
  4 spiny frogs
  2 komodo dragons
  A dream sheep (Lair:2)
  Grinder (D:4)
  5 hippogriffs
  Sigmund (D:2)
  A shadow (D:11)
  12 yaks
  A basilisk (Lair:3)
  Edmund (D:6)
  3 nagas (Snake:1)
  8 water moccasins
  5 porcupines
  An orc warrior (D:9)
  A swamp drake (D:8)
  3 sky beasts
  2 phantoms
  3 black bears
  3 ice beasts
  7 ogres
  11 centaurs
  9 wolves
  4 crocodiles
  A big kobold (D:10)
  12 bullfrogs
  6 scorpions
  3 killer bees (D:10)
  7 wights
  3 howler monkeys
  6 crimson imps
  3 centaur zombies
  7 hounds
  3 jellies
  2 quasits
  4 orc priests
  2 bullfrog skeletons
  Natasha (thrice) (D:4)
  4 iguanas
  15 orc wizards
  5 hell rats (Lair:2)
  8 worker ants
  5 hound skeletons
  A worker ant zombie (D:6)
  33 adders
  A gnoll (D:1)
  2 howler monkey skeletons
  13 river rats
  A shadow imp (D:10)
  An ooze (D:3)
  2 adder zombies
  An adder skeleton (D:5)
  2 worms
  A dart slug (D:2)
  4 leopard geckos
  50 orcs
  13 giant cockroaches
  13 goblins
  12 hobgoblins
  9 jackals
  14 kobolds
  6 quokkas
  8 ball pythons
  5 bats
  3 frilled lizards
  2 leopard gecko skeletons
  2 quokka skeletons
  32 rats
  A bush (Lair:1)
  A plant (Lair:3)
463 creatures vanquished.

Vanquished Creatures (others)
  An orc warrior (D:9)
  A crimson imp (D:6)
  A plant (Lair:3)
3 creatures vanquished.

Grand Total: 466 creatures vanquished

Notes
Turn   | Place    | Note
-------+----------+-------------------------------------------
     0 | D:1      | danilin1 the Minotaur Berserker began the quest for the
                  | Orb.
     0 | D:1      | Reached XP level 1. HP: 19/19 MP: 0/0
    88 | D:1      | Reached XP level 2. HP: 24/27 MP: 1/1
   423 | D:1      | Reached XP level 3. HP: 33/33 MP: 2/2
   511 | D:1      | Reached ** piety under Trog
  1218 | D:2      | Reached XP level 4. HP: 37/40 MP: 3/3
  1637 | D:2      | Noticed Sigmund
  1687 | D:3      | Reached XP level 5. HP: 21/47 MP: 4/4
  2282 | D:3      | Reached *** piety under Trog
  2859 | D:2      | Killed Sigmund
  2859 | D:2      | Reached skill level 5 in Fighting
  2859 | D:2      | Reached skill level 5 in Axes
  2859 | D:2      | Reached XP level 6. HP: 56/56 MP: 5/5
  3020 | D:4      | Noticed a sky beast
  3026 | D:4      | Killed a sky beast
  3027 | D:4      | Noticed Natasha
  3038 | D:4      | Killed Natasha
  3039 | D:4      | Found Dieczeun's General Store.
  3070 | D:4      | Noticed Natasha
  3075 | D:4      | Killed Natasha
  3075 | D:4      | Reached skill level 5 in Armour
  3101 | D:4      | Reached XP level 7. HP: 61/61 MP: 6/6
  3117 | D:4      | Noticed Natasha
  3135 | D:4      | Killed Natasha
  3451 | D:4      | Noticed Grinder
  3462 | D:4      | Killed Grinder
  3462 | D:4      | Reached skill level 5 in Dodging
  3573 | D:4      | Found a glowing drain.
  3577 | Sewer    | Entered a sewer
  3664 | Sewer    | Reached **** piety under Trog
  3817 | Sewer    | Reached XP level 8. HP: 71/71 MP: 7/7
  3877 | Sewer    | Received a gift from Trog
  4141 | D:4      | Got a faintly humming chain mail
  4152 | D:4      | Identified the +5 chain mail of Pathos {Dex+4 Stlth+} (You
                  | found it on level 4 of the Dungeon)
  4176 | D:5      | Entered Level 5 of the Dungeon
  4512 | D:5      | Found a snail-covered altar of Cheibriados.
  4836 | D:5      | Found a staircase to the Ecumenical Temple.
  4842 | Temple   | Entered the Ecumenical Temple
  5264 | D:5      | Found an opulent altar of Gozag.
  5264 | D:5      | Found a deep blue altar of Sif Muna.
  5269 | D:5      | Found a glowing silver altar of Zin.
  5271 | D:5      | Found a bloodstained altar of Trog.
  5273 | D:5      | Found a sacrificial altar of Ru.
  5671 | D:6      | Noticed Pikel
  5685 | D:6      | Killed Pikel
  5708 | D:6      | Reached XP level 9. HP: 79/81 MP: 8/8
  5722 | D:6      | Found Vefauf's Antique Weapon Boutique.
  5868 | D:6      | Noticed Edmund
  5875 | D:6      | Killed Edmund
  5956 | D:6      | Found a white marble altar of Elyvilon.
  6513 | D:7      | Reached ***** piety under Trog
  7500 | D:8      | Found a hazy altar of Hepliaklqana.
  7501 | D:8      | Found a shimmering altar of Xom.
  7502 | D:8      | Noticed a spectral ugly thing
  7523 | D:8      | Noticed Psyche
  7594 | D:8      | Noticed a cyclops
  7615 | D:8      | Killed a cyclops
  7626 | D:8      | Reached XP level 10. HP: 61/91 MP: 9/9
  8026 | D:8      | Killed Psyche
  8141 | D:8      | Found Alieb's Magic Scroll Emporium.
  8659 | D:9      | Found a staircase to the Orcish Mines.
  8798 | D:9      | Received a gift from Trog
  8813 | D:9      | Found a shattered altar of Ashenzari.
  8831 | D:9      | Found a sparkling altar of Nemelex Xobeh.
  9053 | D:9      | Reached skill level 10 in Fighting
  9053 | D:9      | Reached skill level 10 in Axes
  9515 | D:9      | Noticed a cyclops
  9520 | D:9      | Killed a cyclops
  9520 | D:9      | Reached skill level 10 in Armour
  9676 | D:10     | Entered Level 10 of the Dungeon
  9715 | D:10     | Noticed a two-headed ogre
  9741 | D:10     | Killed a two-headed ogre
  9741 | D:10     | Reached XP level 11. HP: 89/101 MP: 10/10
  9915 | D:10     | Noticed Nergalle
  9932 | D:10     | Killed Nergalle
  9967 | D:10     | Noticed Fannar
 10197 | D:10     | Killed Fannar
 10469 | D:10     | Reached skill level 10 in Dodging
 10535 | D:10     | Noticed Erica
 10551 | D:10     | Killed Erica
 10573 | D:10     | Found an iron altar of Okawaru.
 10605 | D:10     | Noticed Erolcha
 10620 | D:10     | Killed Erolcha
 11267 | D:4      | Bought a +0 shield for 45 gold pieces
 11448 | D:11     | Noticed a cyan ugly thing
 11495 | D:10     | Killed a cyan ugly thing
 11495 | D:10     | Reached skill level 1 in Shields
 11696 | D:11     | Killed an unseen horror
 11756 | D:11     | Noticed a deep elf mage
 11775 | D:11     | Killed a deep elf mage
 12095 | D:11     | Reached XP level 12. HP: 112/112 MP: 11/11
 12262 | D:11     | Found a staircase to the Lair.
 12458 | D:11     | Noticed a two-headed ogre
 12463 | D:11     | Killed a two-headed ogre
 12667 | Lair:1   | Entered Level 1 of the Lair of Beasts
 12807 | Lair:1   | Noticed a seven-headed hydra
 12817 | Lair:1   | Killed a seven-headed hydra
 12817 | Lair:1   | Reached skill level 5 in Shields
 14049 | Lair:1   | Noticed a six-headed hydra
 14055 | Lair:1   | Killed a six-headed hydra
 15375 | Lair:3   | Found a staircase to the Snake Pit.
 15388 | Lair:3   | Reached ****** piety under Trog
 15394 | Lair:3   | Noticed a five-headed hydra
 15411 | Lair:3   | Killed a five-headed hydra
 15486 | Lair:3   | Found a stormy altar of Qazlal.
 15559 | Lair:3   | Found a staircase to the Swamp.
 15782 | Snake:1  | Entered Level 1 of the Snake Pit
 15868 | Snake:1  | Noticed a naga warrior
 15897 | Snake:1  | Killed a naga warrior
 15911 | Snake:1  | Reached XP level 13. HP: 57/119 MP: 12/12
 16705 | Snake:1  | Received a gift from Trog
 17227 | Snake:1  | Found Masag's Book Shop.
 17596 | Snake:1  | Reached skill level 10 in Shields
 18493 | Snake:1  | You fall through a shaft!
 18497 | Snake:2  | Noticed a nagaraja
 18513 | Snake:1  | HP: 5/122 [anaconda (4)]
 18513 | Snake:1  | Slain by a shock serpent

Skill      XL: |  1  2  3  4  5  6  7  8  9 10 11 12 13 |
---------------+----------------------------------------+-----
Fighting       | 4 5 6 7 9 10 11 12 13 | 13.2
Axes           | 4 5 6 7 9 10 11 12 13 | 13.2
Armour         | 3 4 5 6 7 9 10 11 12 13 | 13.0
Dodging        | 3 4 5 6 8 9 10 11 12 | 12.0
Shields        | 4 8 10 | 10.1

Action                   |  1- 3 |  4- 6 |  7- 9 | 10-12 | 13-15 || total
-------------------------+-------+-------+-------+-------+-------++-------
Melee: Hand axe          |    90 |   111 |   170 |       |       ||   371
       Headbutt          |    13 |    16 |    75 |   197 |    19 ||   320
       War axe           |       |       |   175 |   711 |    47 ||   933
       Morningstar       |       |       |       |    18 |       ||    18
       Broad axe         |       |       |       |       |    53 ||    53
Invok: Berserk           |       |     5 |     5 |     9 |     3 ||    22
       Trog's Hand       |       |       |     1 |     3 |     1 ||     5
       Brothers in Arms  |       |       |       |       |     1 ||     1
  Use: Scroll            |       |       |     8 |     2 |       ||    10
       Potion            |       |       |       |       |     2 ||     2
 Stab: Sleeping          |       |     1 |       |       |       ||     1
  Eat: Chunk             |     1 |     4 |    27 |    39 |     8 ||    79
       Ration            |       |     2 |     1 |       |       ||     3
Armor: Animal skin       |    14 |    20 |       |       |       ||    34
       Leather armour    |       |     4 |       |       |       ||     4
       Ring mail         |       |    13 |    62 |       |       ||    75
       Chain mail        |       |       |   118 |   405 |    44 ||   567
Dodge: Dodged            |    58 |    68 |   253 |   362 |    61 ||   802
Block: Shield            |       |       |       |   256 |    88 ||   344
